 Dungeon Crawl Stone Soup version 0.22-a0-525-gf69a080 (webtiles) character file.

185 pk666 the Magician (level 5, -7/28 HPs)
             Began as a Deep Elf Fire Elementalist on June 21, 2018.
             Mangled by a phantom (9 damage)
             ... on level 4 of the Dungeon.
             The game lasted 00:05:06 (2957 turns).

pk666 the Magician (Deep Elf Fire Elementalist)     Turns: 2957, Time: 00:05:06

Health: -7/28      AC:  4    Str:  5    XL:     5   Next: 37%
Magic:  2/13       EV: 13    Int: 21    God:
Gold:   167        SH:  0    Dex: 15    Spells: 5/13 levels left

rFire    . . .     SeeInvis .   (no weapon)
rCold    . . .     Gourm    .   (no shield)
rNeg     . . .     Faith    .   a - +0 robe
rPois    .         Spirit   .   e - +1 hat
rElec    .         Reflect  .   r - +0 cloak
rCorr    .         Harm     .   (no gloves)
MR       .....                  (no boots)
Stlth    ++........             (no amulet)
HPRegen  0.09/turn              (no ring)
MPRegen  0.13/turn              (no ring)

@: no status effects
A: no striking features
a: no special abilities


You were on level 4 of the Dungeon.
You were hungry.

You visited 1 branch of the dungeon, and saw 4 of its levels.

You collected 167 gold pieces.

Inventory:

Armour
 a - a +0 robe (worn)
 e - a +1 hat (worn)
 r - a +0 cloak (worn)
Jewellery
 j - an uncursed ring of ice
 s - an uncursed ring of flight {unknown}
Wands
 m - a wand of digging (14)
 t - a wand of acid (7)
Scrolls
 b - a scroll of magic mapping {unknown}
 f - 2 scrolls of remove curse {unknown}
 h - a scroll of enchant weapon {unknown}
 i - a scroll of random uselessness {unknown}
 k - a scroll of enchant armour {unknown}
 l - 2 scrolls of teleportation {unknown}
 n - 3 scrolls of identify {unknown}
Potions
 d - a potion of magic {unknown}
 g - a potion of mutation {unknown}
 o - a potion of brilliance {unknown}
 p - a potion of heal wounds {unknown}
 q - 2 potions of cancellation {unknown}
 u - 2 potions of curing {unknown}
Comestibles
 c - 8 rations


   Skills:
 - Level 2.4 Dodging
 - Level 2.4 Stealth
 + Level 4.5 Spellcasting
 * Level 4.2 Conjurations
 + Level 4.3 Fire Magic


You had 5 spell levels left.
You knew the following spells:

 Your Spells              Type           Power        Failure   Level  Hunger
a - Flame Tongue          Conj/Fire      ###..        1%          1    None
b - Sticky Flame          Conj/Fire      ###.....     19%         4    ####...
c - Conjure Flame         Conj/Fire      ###.....     6%          3    ##.....

Your spell library contained the following spells:

 Spells                   Type           Power        Failure   Level  Hunger
 Fireball                 Conj/Fire      ###.......   47%         5    ######.
 Throw Flame              Conj/Fire      ###...       3%          2    #......
 Inner Flame              Hex/Fire       ##......     14%         3    ##.....


Dungeon Overview and Level Annotations

Branches:
Dungeon (4/15)
 Temple: D:4-7

Altars:
Hepliaklqana
Wu Jian


Message History

The flame tongue misses the phantom.
The phantom hits you.
* * * LOW HITPOINT WARNING * * *
Casting: Flame Tongue (safe; 1% risk of failure)
Confirm with . or Enter, or press ? or * to list all spells.
Aiming: Flame Tongue (safe; 1% risk of failure)
Press: ? - help, Shift-Dir - straight line, f/p - phantom
Aim: a phantom (lightly damaged)
The flame tongue hits the phantom.
The phantom is heavily damaged.
The phantom hits you.
* * * LOW HITPOINT WARNING * * *
Casting: Flame Tongue (safe; 1% risk of failure)
Confirm with . or Enter, or press ? or * to list all spells.
Aiming: Flame Tongue (safe; 1% risk of failure)
Press: ? - help, Shift-Dir - straight line, f/p - phantom
Aim: a phantom (heavily damaged)
The flame tongue hits the phantom.
The phantom is severely damaged.
The phantom hits you!
You die...

....$. >.. #.
?...> #..##.
#...# ..... ..#.
#.#.##..
#.?....#
###.#(.#
####......##
......W@...#####
####.##.........
#. #..##..... .
##.# ##### #.#
#.## #..# #..
##.# #.. #.# #..


You could see a phantom.

Vanquished Creatures
  An iguana (D:4)
  Robin (D:3)
  3 gnolls (D:3)
  5 adders
  An ooze (D:4)
  A dart slug (D:2)
  2 leopard geckos
  3 orcs (D:3)
  2 bats (D:3)
  5 giant cockroaches
  13 goblins
  7 hobgoblins
  A quokka (D:2)
  2 ball pythons
  8 frilled lizards
  6 kobolds
  11 rats
72 creatures vanquished.

Notes
Turn   | Place    | Note
-------+----------+-------------------------------------------
     0 | D:1      | pk666 the Deep Elf Fire Elementalist began the quest for the Orb.
     0 | D:1      | Reached XP level 1. HP: 10/10 MP: 6/6
   219 | D:1      | Reached XP level 2. HP: 15/15 MP: 5/8
   877 | D:2      | Reached XP level 3. HP: 19/19 MP: 0/10
  1216 | D:2      | Found an ornate altar of the Wu Jian Council.
  1863 | D:3      | Found a hazy altar of Hepliaklqana.
  1941 | D:3      | Reached XP level 4. HP: 24/24 MP: 9/11
  2029 | D:3      | Noticed Robin
  2158 | D:3      | Killed Robin
  2286 | D:3      | Reached XP level 5. HP: 9/28 MP: 2/13
  2376 | D:3      | Learned a level 4 spell: Sticky Flame
  2380 | D:3      | Learned a level 3 spell: Conjure Flame
  2942 | D:4      | Noticed a phantom
  2957 | D:4      | Mangled by a phantom

Vault maps used:
D:1:      dpeg_chamrin_arrival_tetris
D:2:      overflow_temple_1_default, serial_corexii_hall,
          corexii_hall_statues_l, corexii_hall_statues_u
D:3:      old_standard_altar, grunt_ministairs_11, grunt_decor_mini_mirrors,
          uniq_robin
D:4:      minmay_unequal, uniq_duvessa, uniq_pikel

Skill      XL: |  1  2  3  4  5 |
---------------+----------------+-----
Conjurations   | 2 3 4 |  4.2
Spellcasting   | 4 |  4.5
Fire Magic     | 4 |  4.3
Dodging        | |  2.4
Stealth        | |  2.4

Action                   |  1- 3 |  4- 6 || total
-------------------------+-------+-------++-------
Melee: Unarmed           |     5 |     5 ||    10
 Cast: Flame Tongue      |    75 |    62 ||   137
  Eat: Chunk             |     3 |     2 ||     5
Armor: Robe              |     5 |     5 ||    10
Dodge: Dodged            |    14 |    34 ||    48

Table legend:
 A = Spawn XP
 B = Non-spawn XP
 C = Spawn XP percentage of total XP
 D = Spawn monster count
 E = Non-spawn monster count
 F = Spawn count percentage of total count
 G = Total turns spent on level
                    A         B        C        D         E        F      G
               +---------+---------+-------+---------+---------+-------+---------
         Total |       0 |     265 |   0.0 |       0 |      72 |   0.0 |  2957
               +---------+---------+-------+---------+---------+-------+---------
           D:1 |       0 |      26 |   0.0 |       0 |      19 |   0.0 |   793
           D:2 |       0 |      62 |   0.0 |       0 |      17 |   0.0 |  1038
           D:3 |       0 |     130 |   0.0 |       0 |      32 |   0.0 |   956
           D:4 |       0 |      47 |   0.0 |       0 |       4 |   0.0 |   170
               +---------+---------+-------+---------+---------+-------+---------
